Penguins vs Barracuda
Created - February 19, 2023 at 21:23
Goals
|
Penguins |
2 |
0 |
1 |
0 |
2 |
4 |
Barracuda |
0 |
1 |
2 |
0 |
1 |
3 |
|
Shots
|
Penguins |
9 |
4 |
11 |
1 |
3 |
25 |
Barracuda |
15 |
11 |
12 |
1 |
3 |
39 |
|
1st period
1. Penguins , Sam Kurker 9 (Jeff Malott 4, Jesper Boqvist 7) at 6:42
2. Penguins , Anthony Beauvillier 14 (Matthew Tkachuk 23, Evan Rodrigues 33) at 16:07
Penalties :
No Penalty
2nd period
3. Barracuda , Justin Shugg 17 (Theodor Blueger 25, Noah Gregor 2) at 1:07
Penalties :
Jesper Boqvist (Wil) for Hooking (Minor) at 5:33
3rd period
4. Penguins , Matthew Tkachuk 28 (John Marino 8, Anthony Beauvillier 23) at 18:11
5. Barracuda , Brandon Kozun 30 (William Carrier 36, Emil Pettersson 42) at 18:27
6. Barracuda , Emil Pettersson 9 (Brandon Kozun 30, William Carrier 37) at 19:44
Penalties :
No Penalty
Overtime #1
No Goal
Penalties :
No Penalty
Shootout
Penguins, Andy Andreoff - Goal!
Barracuda, Brandon Kozun - Stopped by Jeremy Swayman
Penguins, Matthew Tkachuk - Goal!
Barracuda, William Carrier - Goal!
Penguins, Victor Olofsson - Stopped by Joacim Eriksson
Barracuda, Emil Pettersson - Stopped by Jeremy Swayman
Penalties :
No Penalty
Goalie Stats
Jeremy Swayman (Wil), 36 saves from 39 shots - (0.923), W, 9-13-1, 65:00 minutes
Joacim Eriksson (S.J), 22 saves from 25 shots - (0.880), OTL, 12-15-6, 64:18 minutes
Players Stats for Penguins
Player Name G A P +/- PIM S H SB GA TA FO MP PP MP PK MP
------------------------------------------------------------------------------------
Adam Brooks 0 0 0 0 0 0 4 1 0 0 6/8 16:50 0:00 0:17
Andrew O'Brien 0 0 0 -1 0 1 4 3 0 2 0/0 28:10 0:00 0:59
Andy Andreoff 0 0 0 -1 0 2 3 0 0 0 0/0 15:27 0:00 0:58
Anthony Beauvillier 1 1 2 1 0 3 4 1 0 0 0/2 19:41 0:00 0:44
Dakota Mermis 0 0 0 0 0 0 0 2 0 1 0/0 20:55 0:00 0:59
Danny Biega 0 0 0 0 0 0 0 2 0 1 0/0 17:16 0:00 0:00
Eetu Luostarinen 0 0 0 0 0 0 0 1 0 1 3/4 13:33 0:00 0:18
Evan Rodrigues 0 1 1 0 0 0 1 0 0 1 16/34 21:21 0:00 1:07
Gavin Bayreuther 0 0 0 0 0 4 2 4 0 0 0/0 26:54 0:00 1:00
Iven Barbashev 0 0 0 0 0 2 4 0 3 0 0/2 17:24 0:00 0:34
Jeff Malott 0 1 1 0 0 2 3 0 0 0 0/0 10:58 0:00 0:00
Jesper Boqvist 0 1 1 0 2 0 0 0 0 0 1/3 11:00 0:00 0:00
John Marino 0 1 1 1 0 1 0 1 0 0 0/0 19:50 0:00 1:00
Matthew Finn 0 0 0 0 0 0 0 0 0 2 0/0 16:55 0:00 0:00
Matthew Tkachuk 1 1 2 0 0 5 2 1 1 0 0/0 20:05 0:00 0:00
Max Gortz 0 0 0 0 0 2 0 0 1 1 0/0 14:10 0:00 0:00
Sam Kurker 1 0 1 0 0 2 2 0 1 0 0/1 10:58 0:00 0:00
Victor Olofsson 0 0 0 0 0 1 1 0 0 0 0/0 16:33 0:00 0:00
Players Stats for Barracuda
Player Name G A P +/- PIM S H SB GA TA FO MP PP MP PK MP
------------------------------------------------------------------------------------
Aleksi Heponiemi 0 0 0 -1 0 2 0 1 0 0 2/2 9:30 0:00 0:00
Alex Henriksson 0 0 0 -1 0 3 0 0 0 0 0/0 10:20 0:00 0:00
Brandon Kozun 1 1 2 1 0 3 0 0 1 0 1/1 21:39 1:05 0:00
Chris Wagner 0 0 0 -1 0 4 3 1 0 0 0/0 14:44 0:00 0:00
Cole Ully 0 0 0 -1 0 1 1 0 1 0 0/0 15:08 0:00 0:00
Emil Pettersson 1 1 2 1 0 1 0 0 2 0 17/33 20:24 1:05 0:00
Eric Gustafsson 0 0 0 1 0 5 2 2 0 0 0/0 27:52 1:08 0:00
Jerome Gauthier-Leduc 0 0 0 1 0 2 0 0 0 1 0/0 16:04 0:00 0:00
Jordan Gross 0 0 0 1 0 0 1 2 0 1 0/0 15:37 0:00 0:00
Justin Shugg 1 0 1 1 0 3 0 1 0 0 0/1 17:17 0:54 0:00
Kurtis Macdermid 0 0 0 1 0 0 2 1 0 0 2/3 19:17 0:54 0:00
Mario Lucia 0 0 0 -1 0 3 1 0 0 0 0/1 9:30 0:00 0:00
Noah Gregor 0 1 1 -1 0 1 3 1 0 0 2/6 13:30 0:00 0:00
Robin Norell 0 0 0 -2 0 0 0 2 0 1 0/0 21:17 0:51 0:00
Samuel Groulx 0 0 0 -2 0 0 1 0 0 2 0/0 21:17 0:51 0:00
Scott Harrington 0 0 0 1 0 2 4 4 2 1 0/0 27:53 1:08 0:00
Theodor Blueger 0 1 1 1 0 4 2 0 3 0 3/5 17:17 0:54 0:00
William Carrier 0 2 2 1 0 5 2 0 0 0 1/2 21:24 1:05 0:00
3 Stars
1 - Anthony Beauvillier (Wil)
2 - Matthew Tkachuk (Wil)
3 - Brandon Kozun (S.J)
Power Play
Penguins - 0 on 0 Attempt(s) - 0.00%
Barracuda - 0 on 1 Attempt(s) - 0.00%
Penalty Kill
Penguins - 1 on 1 Attempt(s) - 100.00%
- Score 0 goal in Penalty Kill
Barracuda - 0 on 0 Attempt(s) - 0.00%
- Score 0 goal in Penalty Kill
Team Stat
Penguins - Hits : 30 - Faceoff Wins : 26 - Blocked Shots : 16 - Penalty Minutes : 2
Barracuda - Hits : 22 - Faceoff Wins : 28 - Blocked Shots : 15 - Penalty Minutes : 0
Official
Referees : Kelly Sutherland and Garrett Rank
Linesman : Greg Devorski and Jesse Marquis
Game Notes
No Game Note
Finance
Level 1 -- Attendance: 1926 (96.30%) -- Ticket Income $67,410
Level 2 -- Attendance: 934 (93.40%) -- Ticket Income $14,010
Total Attendance: 2860 (95.33%)
Total Ticket Income: $81,420
Other Income: $4,071
Total Income: $85,491
Penguins
5 vs 5 Forward
Center Left Wing Right Wing Time % Phy DF OF
1 Evan Rodrigues Anthony Beauvillier Matthew Tkachuk 40 1 2 2
2 Adam Brooks Iven Barbashev Victor Olofsson 30 1 2 2
3 Eetu Luostarinen Andy Andreoff Max Gortz 20 1 2 2
4 Jesper Boqvist Jeff Malott Sam Kurker 10 1 2 2
5 vs 5 Defense
Defense Defense Time % Phy DF OF
1 Andrew O'Brien Gavin Bayreuther 40 1 2 2
2 Dakota Mermis John Marino 30 1 2 2
3 Danny Biega Matthew Finn 20 1 2 2
4 Andrew O'Brien Gavin Bayreuther 10 1 2 2
PowerPlay Forward
Center Left Wing Right Wing Time % Phy DF OF
1 Evan Rodrigues Anthony Beauvillier Matthew Tkachuk 60 1 2 2
2 Adam Brooks Iven Barbashev Victor Olofsson 40 1 2 2
PowerPlay Defense
Defense Defense Time % Phy DF OF
1 Andrew O'Brien Gavin Bayreuther 60 1 2 2
2 Dakota Mermis John Marino 40 1 2 2
Penalty Kill 4 Players Forward
Center Wing Time % Phy DF OF
1 Evan Rodrigues Andy Andreoff 60 1 2 2
2 Adam Brooks Iven Barbashev 40 1 2 2
Penalty Kill 4 Players Defense
Defense Defense Time % Phy DF OF
1 Andrew O'Brien Dakota Mermis 60 1 2 2
2 John Marino Gavin Bayreuther 40 1 2 2
Penalty Kill - 3 Players Forward
Forward Time % Phy DF OF
1 Evan Rodrigues 60 1 2 2
2 Adam Brooks 40 1 2 2
Penalty Kill - 3 Players Defense
Defense Defense Time % Phy DF OF
1 Andrew O'Brien Dakota Mermis 60 1 2 2
2 John Marino Gavin Bayreuther 40 1 2 2
4 vs 4 Forward
Center Wing Time % Phy DF OF
1 Evan Rodrigues Matthew Tkachuk 60 1 2 2
2 Adam Brooks Victor Olofsson 40 1 2 2
4 vs 4 Defense
Defense Defense Time % Phy DF OF
1 Andrew O'Brien Gavin Bayreuther 60 1 2 2
2 Dakota Mermis John Marino 40 1 2 2
Last Minutes Offensive
Center Left Wing Right Wing Defense Defense
Evan Rodrigues Andy Andreoff Matthew Tkachuk Andrew O'Brien Gavin Bayreuther
Last Minutes Defensive
Center Left Wing Right Wing Defense Defense
Evan Rodrigues Andy Andreoff Matthew Tkachuk Andrew O'Brien Dakota Mermis
Goaltenders
Starting : Jeremy Swayman
Backup : Connor Hellebyuk
Extra Forwards
Normal : Anthony Beauvillier, Iven Barbashev, Max Gortz - PP : Anthony Beauvillier, Iven Barbashev - PK : Anthony Beauvillier
Extra Defensemen
Normal : Gavin Bayreuther, Danny Biega, John Marino - PP : Gavin Bayreuther - PK : Gavin Bayreuther, Danny Biega
Penalty Shots
Andy Andreoff, Matthew Tkachuk, Victor Olofsson, Evan Rodrigues, Anthony Beauvillier
Scratches
Brett Kulak (Groin Injury), Brett Pollock (Healthy), Curtis Hamilton (Healthy), Denis Malgin (Healthy), Josh Ho-Sang (Healthy)
Juuso Ikonen (Healthy), Austin Strand (Healthy), Raphael Bussieres (Healthy), Steven Spinner (Healthy), German Rubtsov (Healthy)
Anthony Stolarz (Healthy)
Barracuda
5 vs 5 Forward
Center Left Wing Right Wing Time % Phy DF OF
1 Emil Pettersson William Carrier Brandon Kozun 40 1 2 2
2 Theodor Blueger Kurtis Macdermid Justin Shugg 30 1 2 2
3 Noah Gregor Cole Ully Chris Wagner 20 1 2 2
4 Aleksi Heponiemi Alex Henriksson Mario Lucia 10 1 2 2
5 vs 5 Defense
Defense Defense Time % Phy DF OF
1 Scott Harrington Eric Gustafsson 40 1 2 2
2 Samuel Groulx Robin Norell 30 1 2 2
3 Jerome Gauthier-Leduc Jordan Gross 20 1 2 2
4 Scott Harrington Eric Gustafsson 10 1 2 2
PowerPlay Forward
Center Left Wing Right Wing Time % Phy DF OF
1 Emil Pettersson William Carrier Brandon Kozun 60 1 1 3
2 Theodor Blueger Kurtis Macdermid Justin Shugg 40 1 1 3
PowerPlay Defense
Defense Defense Time % Phy DF OF
1 Scott Harrington Eric Gustafsson 60 1 2 2
2 Samuel Groulx Robin Norell 40 1 2 2
Penalty Kill 4 Players Forward
Center Wing Time % Phy DF OF
1 Brandon Kozun William Carrier 60 1 4 0
2 Emil Pettersson Kurtis Macdermid 40 1 4 0
Penalty Kill 4 Players Defense
Defense Defense Time % Phy DF OF
1 Scott Harrington Eric Gustafsson 60 1 4 0
2 Samuel Groulx Robin Norell 40 1 4 0
Penalty Kill - 3 Players Forward
Forward Time % Phy DF OF
1 Brandon Kozun 60 1 4 0
2 William Carrier 40 1 4 0
Penalty Kill - 3 Players Defense
Defense Defense Time % Phy DF OF
1 Scott Harrington Eric Gustafsson 60 1 4 0
2 Samuel Groulx Robin Norell 40 1 4 0
4 vs 4 Forward
Center Wing Time % Phy DF OF
1 Brandon Kozun William Carrier 60 1 2 2
2 Emil Pettersson Kurtis Macdermid 40 1 2 2
4 vs 4 Defense
Defense Defense Time % Phy DF OF
1 Scott Harrington Eric Gustafsson 60 1 2 2
2 Samuel Groulx Robin Norell 40 1 2 2
Last Minutes Offensive
Center Left Wing Right Wing Defense Defense
Emil Pettersson William Carrier Brandon Kozun Scott Harrington Eric Gustafsson
Last Minutes Defensive
Center Left Wing Right Wing Defense Defense
Emil Pettersson William Carrier Brandon Kozun Scott Harrington Eric Gustafsson
Goaltenders
Starting : Joacim Eriksson
Backup : Oscar Dansk
Extra Forwards
Normal : Kurtis Macdermid, Cole Ully, Chris Wagner - PP : Kurtis Macdermid, Cole Ully - PK : Chris Wagner
Extra Defensemen
Normal : Jerome Gauthier-Leduc, Jordan Gross, Samuel Groulx - PP : Jerome Gauthier-Leduc - PK : Jordan Gross, Samuel Groulx
Penalty Shots
Brandon Kozun, William Carrier, Emil Pettersson, Kurtis Macdermid, Theodor Blueger
Scratches
Alex Lintuniemi (Healthy), Ben Jones (Healthy), Jacob Peterson (Healthy), Scott Reedy (Healthy), Jaedon Descheneau (Healthy)
Kyle Platzer (Right Foot Injury), Thomas Gobeil (Healthy), Logan Stanley (Healthy), Drew O'Connor (Healthy), Dennis Cholowski (Healthy)
Alexei Toropchenko (Healthy), Kevin Lankinen (Healthy)
% Time on Ice - Penguins
Lines # - Real PCT - Wanted PCT - Time Play
Normal Forward
1 - 31% - 40% - 17:36
2 - 27% - 30% - 15:14
3 - 23% - 20% - 13:15
4 - 19% - 10% - 10:58
Normal Defense
1 - 36% - 40% - 20:36
2 - 30% - 30% - 17:00
3 - 28% - 20% - 16:03
4 - 6% - 10% - 3:24
PP Forward
1 - 0% - 60%
2 - 0% - 40%
PP Defense
1 - 0% - 60%
2 - 0% - 40%
PK Forward
1 - 86% - 60% - 1:42
2 - 14% - 40% - 0:17
PK Defense
1 - 50% - 60% - 0:59
2 - 50% - 40% - 1:00
PK3 Forward
1 - 0% - 60%
2 - 0% - 40%
PK3 Defense
1 - 0% - 60%
2 - 0% - 40%
44 Forward
1 - 74% - 60% - 3:41
2 - 26% - 40% - 1:19
44 Defense
1 - 63% - 60% - 3:10
2 - 37% - 40% - 1:50
Last Minute Offensive - 0:00
Last Minute Defensive - 0:58
Total
Forward - 65:00
Defense - 65:00
|
% Time on Ice - Barracuda
Lines # - Real PCT - Wanted PCT - Time Play
Normal Forward
1 - 31% - 40% - 17:43
2 - 29% - 30% - 16:23
3 - 24% - 20% - 13:30
4 - 17% - 10% - 9:30
Normal Defense
1 - 36% - 40% - 20:27
2 - 33% - 30% - 18:35
3 - 27% - 20% - 15:13
4 - 5% - 10% - 2:51
PP Forward
1 - 55% - 60% - 1:05
2 - 45% - 40% - 0:54
PP Defense
1 - 57% - 60% - 1:08
2 - 43% - 40% - 0:51
PK Forward
1 - 0% - 60%
2 - 0% - 40%
PK Defense
1 - 0% - 60%
2 - 0% - 40%
PK3 Forward
1 - 0% - 60%
2 - 0% - 40%
PK3 Defense
1 - 0% - 60%
2 - 0% - 40%
44 Forward
1 - 81% - 60% - 4:04
2 - 19% - 40% - 0:56
44 Defense
1 - 63% - 60% - 3:09
2 - 37% - 40% - 1:51
Last Minute Offensive - 0:55
Last Minute Defensive - 0:00
Total
Forward - 65:00
Defense - 65:00
|
Play-by-Play
1st period
0:01 of 1st period - Emil Pettersson wins face-off versus Evan Rodrigues in neutral zone.
0:05 of 1st period - Icing by Evan Rodrigues.
0:06 of 1st period - Evan Rodrigues wins face-off versus Emil Pettersson in Penguins zone.
0:17 of 1st period - Snap shot by Evan Rodrigues.
0:17 of 1st period - Shot Misses the Net.
1:45 of 1st period - Slapshot by Brandon Kozun.
1:45 of 1st period - Shot Misses the Net.
1:47 of 1st period - Slapshot by Eric Gustafsson.
1:47 of 1st period - Stopped by Jeremy Swayman without a rebound.
1:48 of 1st period - Adam Brooks wins face-off versus Justin Shugg in Penguins zone.
1:55 of 1st period - Snap shot by Theodor Blueger.
1:55 of 1st period - Stopped by Jeremy Swayman with a rebound.
1:57 of 1st period - Slapshot by Samuel Groulx.
1:57 of 1st period - Shot Misses the Net.
2:13 of 1st period - Samuel Groulx is hit by Andy Andreoff and loses puck.
2:36 of 1st period - Slapshot by Mario Lucia.
2:36 of 1st period - Shot Blocked by John Marino.
2:40 of 1st period - Snap shot by Alex Henriksson.
2:40 of 1st period - Shot Misses the Net.
2:42 of 1st period - Slapshot by Robin Norell.
2:42 of 1st period - Deflect By Mario Lucia.
2:42 of 1st period - Stopped by Jeremy Swayman without a rebound.
2:43 of 1st period - Adam Brooks wins face-off versus Kurtis Macdermid in Penguins zone.
2:50 of 1st period - Snap shot by Iven Barbashev.
2:50 of 1st period - Shot Blocked by Justin Shugg.
3:09 of 1st period - Matthew Finn is hit by Noah Gregor and loses puck.
3:16 of 1st period - Chris Wagner is hit by Sam Kurker and loses puck.
3:48 of 1st period - Icing by Andy Andreoff.
3:49 of 1st period - Theodor Blueger wins face-off versus Adam Brooks in Penguins zone.
4:42 of 1st period - Dakota Mermis is hit by Theodor Blueger and loses puck.
4:49 of 1st period - Snap shot by Theodor Blueger.
4:49 of 1st period - Stopped by Jeremy Swayman with a rebound.
4:56 of 1st period - Off-side.
4:57 of 1st period - Jesper Boqvist wins face-off versus Noah Gregor in neutral zone.
5:39 of 1st period - Slapshot by Gavin Bayreuther.
5:39 of 1st period - Stopped by Joacim Eriksson with a rebound.
5:41 of 1st period - Snap shot by Sam Kurker.
5:41 of 1st period - Stopped by Joacim Eriksson with a rebound.
5:59 of 1st period - Slapshot by Alex Henriksson.
5:59 of 1st period - Stopped by Jeremy Swayman with a rebound.
6:22 of 1st period - Wrist shot by Alex Henriksson.
6:22 of 1st period - Stopped by Jeremy Swayman with a rebound.
6:24 of 1st period - Slapshot by Jordan Gross.
6:24 of 1st period - Shot Misses the Net.
6:26 of 1st period - Snap shot by Alex Henriksson.
6:26 of 1st period - Stopped by Jeremy Swayman with a rebound.
6:28 of 1st period - Slapshot by Jerome Gauthier-Leduc.
6:28 of 1st period - Stopped by Jeremy Swayman with a rebound.
6:40 of 1st period - Wrist shot by Jeff Malott.
6:40 of 1st period - Shot Blocked by Eric Gustafsson.
6:42 of 1st period - Snap shot by Sam Kurker.
6:42 of 1st period - Goal by Sam Kurker - Penguins : 1 - Barracuda : 0.
6:43 of 1st period - Evan Rodrigues wins face-off versus Emil Pettersson in neutral zone.
7:18 of 1st period - Slapshot by Andy Andreoff.
7:18 of 1st period - Shot Blocked by Scott Harrington.
7:20 of 1st period - Slapshot by Danny Biega.
7:20 of 1st period - Shot Misses the Net.
7:30 of 1st period - Slapshot by Theodor Blueger.
7:30 of 1st period - Stopped by Jeremy Swayman with a rebound.
7:32 of 1st period - Snap shot by Kurtis Macdermid.
7:32 of 1st period - Shot Misses the Net.
7:40 of 1st period - Snap shot by Justin Shugg.
7:40 of 1st period - Shot Misses the Net.
7:50 of 1st period - Jordan Gross is hit by Matthew Tkachuk and loses puck.
7:57 of 1st period - Slapshot by Gavin Bayreuther.
7:57 of 1st period - Shot Misses the Net.
8:11 of 1st period - Andy Andreoff is hit by Cole Ully and loses puck.
9:07 of 1st period - Eetu Luostarinen is hit by Mario Lucia and loses puck.
9:20 of 1st period - Snap shot by Mario Lucia.
9:20 of 1st period - Stopped by Jeremy Swayman without a rebound.
9:21 of 1st period - Emil Pettersson wins face-off versus Evan Rodrigues in Penguins zone.
10:17 of 1st period - Wrist shot by Alex Henriksson.
10:17 of 1st period - Deflect By Mario Lucia.
10:17 of 1st period - Shot Misses the Net.
10:17 of 1st period - Puck is out of play.
10:18 of 1st period - Adam Brooks wins face-off versus Emil Pettersson in Penguins zone.
10:47 of 1st period - Snap shot by Max Gortz.
10:47 of 1st period - Stopped by Joacim Eriksson without a rebound.
10:48 of 1st period - Eetu Luostarinen wins face-off versus Theodor Blueger in Barracuda zone.
12:24 of 1st period - Snap shot by Justin Shugg.
12:24 of 1st period - Shot Blocked by Danny Biega.
12:26 of 1st period - Slapshot by Jordan Gross.
12:26 of 1st period - Shot Blocked by Eetu Luostarinen.
12:32 of 1st period - Snap shot by Theodor Blueger.
12:32 of 1st period - Shot Misses the Net.
12:34 of 1st period - Wrist shot by Jerome Gauthier-Leduc.
12:34 of 1st period - Stopped by Jeremy Swayman with a rebound.
12:36 of 1st period - Snap shot by Kurtis Macdermid.
12:36 of 1st period - Shot Misses the Net.
12:56 of 1st period - Snap shot by Justin Shugg.
12:56 of 1st period - Shot Misses the Net.
13:14 of 1st period - Wrist shot by Andy Andreoff.
13:14 of 1st period - Stopped by Joacim Eriksson with a rebound.
13:24 of 1st period - Snap shot by Andy Andreoff.
13:24 of 1st period - Stopped by Joacim Eriksson with a rebound.
13:52 of 1st period - Slapshot by Justin Shugg.
13:52 of 1st period - Stopped by Jeremy Swayman without a rebound.
13:53 of 1st period - Evan Rodrigues wins face-off versus Emil Pettersson in Penguins zone.
14:18 of 1st period - Noah Gregor is hit by Adam Brooks and loses puck.
14:43 of 1st period - Eric Gustafsson is hit by Jeff Malott and loses puck.
14:58 of 1st period - Wrist shot by Brandon Kozun.
14:58 of 1st period - Shot Misses the Net.
15:00 of 1st period - Backhand shot by Scott Harrington.
15:00 of 1st period - Deflect By Brandon Kozun.
15:00 of 1st period - Stopped by Jeremy Swayman with a rebound.
15:02 of 1st period - Slapshot by Eric Gustafsson.
15:02 of 1st period - Stopped by Jeremy Swayman with a rebound.
15:06 of 1st period - Slapshot by Brandon Kozun.
15:06 of 1st period - Shot Hit the Post.
15:08 of 1st period - Snap shot by Brandon Kozun.
15:08 of 1st period - Shot Blocked by Dakota Mermis.
16:03 of 1st period - Icing by Samuel Groulx.
16:04 of 1st period - Evan Rodrigues wins face-off versus Noah Gregor in Barracuda zone.
16:07 of 1st period - Wrist shot by Anthony Beauvillier.
16:07 of 1st period - Goal by Anthony Beauvillier - Penguins : 2 - Barracuda : 0.
16:08 of 1st period - Evan Rodrigues wins face-off versus Emil Pettersson in neutral zone.
16:22 of 1st period - Snap shot by Gavin Bayreuther.
16:22 of 1st period - Stopped by Joacim Eriksson with a rebound.
16:24 of 1st period - Wrist shot by Matthew Tkachuk.
16:24 of 1st period - Shot Misses the Net.
16:34 of 1st period - Victor Olofsson is hit by Eric Gustafsson and loses puck.
16:39 of 1st period - Slapshot by Eric Gustafsson.
16:39 of 1st period - Deflect By Victor Olofsson.
16:39 of 1st period - Stopped by Jeremy Swayman without a rebound.
16:40 of 1st period - Adam Brooks wins face-off versus Mario Lucia in Penguins zone.
18:28 of 1st period - Slapshot by Mario Lucia.
18:28 of 1st period - Shot Misses the Net.
18:53 of 1st period - Icing by Jerome Gauthier-Leduc.
18:54 of 1st period - Noah Gregor wins face-off versus Evan Rodrigues in Barracuda zone.
19:11 of 1st period - Wrist shot by William Carrier.
19:11 of 1st period - Shot Blocked by Gavin Bayreuther.
19:32 of 1st period - Eric Gustafsson is hit by Jeff Malott and loses puck.
19:39 of 1st period - Snap shot by Sam Kurker.
19:39 of 1st period - Deflect By Jesper Boqvist.
19:39 of 1st period - Shot Misses the Net.
19:39 of 1st period - Puck is out of play.
19:40 of 1st period - Evan Rodrigues wins face-off versus Emil Pettersson in Barracuda zone.
19:41 of 1st period - Snap shot by Matthew Tkachuk.
19:41 of 1st period - Stopped by Joacim Eriksson without a rebound.
19:42 of 1st period - Emil Pettersson wins face-off versus Evan Rodrigues in Barracuda zone.
19:42 of 1st period - Emil Pettersson is hit by Anthony Beauvillier.
19:49 of 1st period - Off-side.
19:50 of 1st period - Emil Pettersson wins face-off versus Evan Rodrigues in neutral zone.
Goals for this period are 2 for Penguins vs 0 for Barracuda.
Shots for this period are 9 for Penguins vs 15 for Barracuda.
2nd period
0:01 of 2nd period - Emil Pettersson wins face-off versus Evan Rodrigues in neutral zone.
0:06 of 2nd period - Snap shot by Brandon Kozun.
0:06 of 2nd period - Shot Misses the Net.
0:08 of 2nd period - Snap shot by Brandon Kozun.
0:08 of 2nd period - Shot Blocked by Anthony Beauvillier.
0:10 of 2nd period - Slapshot by Eric Gustafsson.
0:10 of 2nd period - Shot Blocked by Gavin Bayreuther.
0:12 of 2nd period - Snap shot by William Carrier.
0:12 of 2nd period - Shot Misses the Net.
0:14 of 2nd period - Wrist shot by William Carrier.
0:14 of 2nd period - Stopped by Jeremy Swayman without a rebound.
0:15 of 2nd period - Emil Pettersson wins face-off versus Iven Barbashev in Penguins zone.
0:29 of 2nd period - Gavin Bayreuther is hit by Scott Harrington and loses puck.
0:40 of 2nd period - Gavin Bayreuther is hit by Scott Harrington and loses puck.
0:45 of 2nd period - Wrist shot by Chris Wagner.
0:45 of 2nd period - Shot Misses the Net.
0:47 of 2nd period - Slapshot by Robin Norell.
0:47 of 2nd period - Shot Misses the Net.
1:07 of 2nd period - Slapshot by Justin Shugg.
1:07 of 2nd period - Goal by Justin Shugg - Penguins : 2 - Barracuda : 1.
1:08 of 2nd period - Evan Rodrigues wins face-off versus Emil Pettersson in neutral zone.
1:13 of 2nd period - Slapshot by Gavin Bayreuther.
1:13 of 2nd period - Shot Misses the Net.
1:58 of 2nd period - Noah Gregor is hit by Gavin Bayreuther and loses puck.
2:05 of 2nd period - Snap shot by Chris Wagner.
2:05 of 2nd period - Stopped by Jeremy Swayman with a rebound.
2:12 of 2nd period - Icing by Andrew O'Brien.
2:13 of 2nd period - Aleksi Heponiemi wins face-off versus Jesper Boqvist in Penguins zone.
2:28 of 2nd period - Slapshot by Gavin Bayreuther.
2:28 of 2nd period - Deflect By Jerome Gauthier-Leduc.
2:28 of 2nd period - Stopped by Joacim Eriksson with a rebound.
2:45 of 2nd period - Brandon Kozun is hit by Anthony Beauvillier and loses puck.
3:02 of 2nd period - Backhand shot by Dakota Mermis.
3:02 of 2nd period - Shot Blocked by Jordan Gross.
3:04 of 2nd period - Slapshot by Max Gortz.
3:04 of 2nd period - Stopped by Joacim Eriksson with a rebound.
3:06 of 2nd period - Slapshot by John Marino.
3:06 of 2nd period - Shot Misses the Net.
3:08 of 2nd period - Wrist shot by Andy Andreoff.
3:08 of 2nd period - Shot Blocked by Kurtis Macdermid.
3:28 of 2nd period - Off-side.
3:29 of 2nd period - Emil Pettersson wins face-off versus Evan Rodrigues in neutral zone.
3:32 of 2nd period - Slapshot by William Carrier.
3:32 of 2nd period - Stopped by Jeremy Swayman with a rebound.
3:34 of 2nd period - Wrist shot by William Carrier.
3:34 of 2nd period - Stopped by Jeremy Swayman without a rebound.
3:35 of 2nd period - Emil Pettersson wins face-off versus Evan Rodrigues in Penguins zone.
3:46 of 2nd period - Wrist shot by Anthony Beauvillier.
3:46 of 2nd period - Deflect By Eric Gustafsson.
3:46 of 2nd period - Shot Misses the Net.
3:46 of 2nd period - Puck is out of play.
3:47 of 2nd period - William Carrier wins face-off versus Evan Rodrigues in Barracuda zone.
4:39 of 2nd period - Snap shot by Cole Ully.
4:39 of 2nd period - Stopped by Jeremy Swayman without a rebound.
4:40 of 2nd period - Emil Pettersson wins face-off versus Anthony Beauvillier in Penguins zone.
5:07 of 2nd period - Victor Olofsson is hit by Samuel Groulx and loses puck.
5:26 of 2nd period - Wrist shot by Chris Wagner.
5:26 of 2nd period - Stopped by Jeremy Swayman with a rebound.
5:33 of 2nd period - Minor Penalty to Jesper Boqvist for Hooking.
5:34 of 2nd period - Emil Pettersson wins face-off versus Evan Rodrigues in Penguins zone.
6:08 of 2nd period - Backhand shot by Kurtis Macdermid.
6:08 of 2nd period - Deflect By Theodor Blueger.
6:08 of 2nd period - Stopped by Jeremy Swayman with a rebound.
6:12 of 2nd period - Slapshot by Justin Shugg.
6:12 of 2nd period - Shot Misses the Net.
6:14 of 2nd period - Slapshot by Samuel Groulx.
6:14 of 2nd period - Shot Misses the Net.
7:33 of 2nd period - Penalty to Jesper Boqvist is over, Jesper Boqvist is back on ice.
7:43 of 2nd period - Slapshot by Jesper Boqvist.
7:43 of 2nd period - Shot Misses the Net.
8:07 of 2nd period - Wrist shot by Alex Henriksson.
8:07 of 2nd period - Shot Hit the Post.
8:09 of 2nd period - Wrist shot by Aleksi Heponiemi.
8:09 of 2nd period - Shot Blocked by Adam Brooks.
9:06 of 2nd period - Victor Olofsson is hit by Noah Gregor and loses puck.
11:09 of 2nd period - Snap shot by Iven Barbashev.
11:09 of 2nd period - Stopped by Joacim Eriksson with a rebound.
11:38 of 2nd period - John Marino is hit by Jordan Gross.
11:59 of 2nd period - Victor Olofsson is hit by William Carrier and loses puck.
12:06 of 2nd period - Samuel Groulx is hit by Iven Barbashev and loses puck.
12:22 of 2nd period - Emil Pettersson is hit by Jeff Malott.
12:26 of 2nd period - Eric Gustafsson is hit by Andrew O'Brien.
12:38 of 2nd period - Scott Harrington is hit by Anthony Beauvillier and loses puck.
13:04 of 2nd period - Andy Andreoff is hit by Kurtis Macdermid.
13:19 of 2nd period - Jerome Gauthier-Leduc is hit by Iven Barbashev and loses puck.
13:47 of 2nd period - Chris Wagner is hit by Anthony Beauvillier and loses puck.
14:04 of 2nd period - Jordan Gross is hit by Iven Barbashev and loses puck.
14:11 of 2nd period - Danny Biega is hit by Theodor Blueger and loses puck.
14:49 of 2nd period - Wrist shot by Eric Gustafsson.
14:49 of 2nd period - Stopped by Jeremy Swayman without a rebound.
14:50 of 2nd period - Theodor Blueger wins face-off versus Evan Rodrigues in Penguins zone.
14:55 of 2nd period - Wrist shot by Justin Shugg.
14:55 of 2nd period - Shot Misses the Net.
14:57 of 2nd period - Wrist shot by Theodor Blueger.
14:57 of 2nd period - Shot Blocked by Gavin Bayreuther.
14:59 of 2nd period - Snap shot by Kurtis Macdermid.
14:59 of 2nd period - Shot Misses the Net.
15:01 of 2nd period - Snap shot by Kurtis Macdermid.
15:01 of 2nd period - Deflect By Theodor Blueger.
15:01 of 2nd period - Shot Blocked by Andrew O'Brien.
15:01 of 2nd period - Puck is out of play.
15:02 of 2nd period - Evan Rodrigues wins face-off versus Emil Pettersson in Penguins zone.
15:16 of 2nd period - Snap shot by Matthew Tkachuk.
15:16 of 2nd period - Stopped by Joacim Eriksson with a rebound.
15:39 of 2nd period - Icing by Andrew O'Brien.
15:40 of 2nd period - Theodor Blueger wins face-off versus Adam Brooks in Penguins zone.
15:55 of 2nd period - Snap shot by Victor Olofsson.
15:55 of 2nd period - Shot Misses the Net.
15:57 of 2nd period - Slapshot by Iven Barbashev.
15:57 of 2nd period - Shot Misses the Net.
16:25 of 2nd period - Robin Norell is hit by Andrew O'Brien and loses puck.
16:38 of 2nd period - Kurtis Macdermid is hit by Adam Brooks and loses puck.
16:51 of 2nd period - Slapshot by Samuel Groulx.
16:51 of 2nd period - Deflect By Justin Shugg.
16:51 of 2nd period - Stopped by Jeremy Swayman without a rebound.
16:52 of 2nd period - Evan Rodrigues wins face-off versus Emil Pettersson in Penguins zone.
17:37 of 2nd period - Slapshot by Matthew Finn.
17:37 of 2nd period - Deflect By Jesper Boqvist.
17:37 of 2nd period - Shot Blocked by Aleksi Heponiemi.
17:37 of 2nd period - Puck is out of play.
17:38 of 2nd period - Aleksi Heponiemi wins face-off versus Sam Kurker in Barracuda zone.
17:43 of 2nd period - Slapshot by Mario Lucia.
17:43 of 2nd period - Stopped by Jeremy Swayman with a rebound.
19:07 of 2nd period - Aleksi Heponiemi is hit by Sam Kurker.
19:58 of 2nd period - Snap shot by Iven Barbashev.
19:58 of 2nd period - Shot Misses the Net.
Goals for this period are 0 for Penguins vs 1 for Barracuda.
Shots for this period are 4 for Penguins vs 11 for Barracuda.
3rd period
0:01 of 3rd period - Evan Rodrigues wins face-off versus Emil Pettersson in neutral zone.
0:27 of 3rd period - Eric Gustafsson is hit by Adam Brooks and loses puck.
2:04 of 3rd period - Slapshot by Chris Wagner.
2:04 of 3rd period - Stopped by Jeremy Swayman without a rebound.
2:05 of 3rd period - Emil Pettersson wins face-off versus Evan Rodrigues in Penguins zone.
2:12 of 3rd period - Scott Harrington is hit by Matthew Tkachuk and loses puck.
2:55 of 3rd period - Snap shot by Andy Andreoff.
2:55 of 3rd period - Shot Blocked by Robin Norell.
2:57 of 3rd period - Slapshot by Andrew O'Brien.
2:57 of 3rd period - Stopped by Joacim Eriksson without a rebound.
2:58 of 3rd period - Emil Pettersson wins face-off versus Eetu Luostarinen in Barracuda zone.
3:04 of 3rd period - Off-side.
3:05 of 3rd period - Emil Pettersson wins face-off versus Evan Rodrigues in neutral zone.
3:38 of 3rd period - Slapshot by Dakota Mermis.
3:38 of 3rd period - Shot Misses the Net.
5:13 of 3rd period - Slapshot by Chris Wagner.
5:13 of 3rd period - Shot Misses the Net.
5:15 of 3rd period - Wrist shot by Noah Gregor.
5:15 of 3rd period - Stopped by Jeremy Swayman without a rebound.
5:16 of 3rd period - Noah Gregor wins face-off versus Jesper Boqvist in Penguins zone.
6:00 of 3rd period - Snap shot by Chris Wagner.
6:00 of 3rd period - Shot Hit the Post.
6:11 of 3rd period - Snap shot by Jesper Boqvist.
6:11 of 3rd period - Shot Blocked by Chris Wagner.
6:13 of 3rd period - Wrist shot by Jeff Malott.
6:13 of 3rd period - Stopped by Joacim Eriksson with a rebound.
6:15 of 3rd period - Snap shot by Sam Kurker.
6:15 of 3rd period - Shot Misses the Net.
6:17 of 3rd period - Snap shot by Sam Kurker.
6:17 of 3rd period - Deflect By Jeff Malott.
6:17 of 3rd period - Stopped by Joacim Eriksson with a rebound.
6:23 of 3rd period - Slapshot by Dakota Mermis.
6:23 of 3rd period - Shot Misses the Net.
6:25 of 3rd period - Slapshot by Dakota Mermis.
6:25 of 3rd period - Deflect By Jesper Boqvist.
6:25 of 3rd period - Shot Blocked by Jordan Gross.
6:25 of 3rd period - Puck is out of play.
6:26 of 3rd period - Evan Rodrigues wins face-off versus Emil Pettersson in Barracuda zone.
6:48 of 3rd period - Icing by Danny Biega.
6:49 of 3rd period - Adam Brooks wins face-off versus Theodor Blueger in Penguins zone.
7:39 of 3rd period - Alex Henriksson is hit by Andy Andreoff and loses puck.
9:11 of 3rd period - Slapshot by John Marino.
9:11 of 3rd period - Stopped by Joacim Eriksson without a rebound.
9:12 of 3rd period - Emil Pettersson wins face-off versus Evan Rodrigues in Barracuda zone.
9:42 of 3rd period - Slapshot by Eric Gustafsson.
9:42 of 3rd period - Shot Misses the Net.
9:44 of 3rd period - Slapshot by Scott Harrington.
9:44 of 3rd period - Stopped by Jeremy Swayman with a rebound.
9:46 of 3rd period - Slapshot by Scott Harrington.
9:46 of 3rd period - Deflect By Victor Olofsson.
9:46 of 3rd period - Stopped by Jeremy Swayman with a rebound.
9:48 of 3rd period - Slapshot by Scott Harrington.
9:48 of 3rd period - Shot Blocked by Andrew O'Brien.
9:50 of 3rd period - Snap shot by Justin Shugg.
9:50 of 3rd period - Shot Misses the Net.
10:00 of 3rd period - Wrist shot by Chris Wagner.
10:00 of 3rd period - Stopped by Jeremy Swayman with a rebound.
10:02 of 3rd period - Slapshot by Jordan Gross.
10:02 of 3rd period - Deflect By Chris Wagner.
10:02 of 3rd period - Shot Blocked by Gavin Bayreuther.
10:02 of 3rd period - Puck is out of play.
10:03 of 3rd period - Eetu Luostarinen wins face-off versus Noah Gregor in Penguins zone.
10:03 of 3rd period - Eetu Luostarinen is hit by Chris Wagner.
10:28 of 3rd period - Jerome Gauthier-Leduc is hit by Evan Rodrigues.
10:38 of 3rd period - Wrist shot by Evan Rodrigues.
10:38 of 3rd period - Shot Blocked by Robin Norell.
10:48 of 3rd period - Slapshot by Emil Pettersson.
10:48 of 3rd period - Shot Misses the Net.
11:12 of 3rd period - Snap shot by Jeff Malott.
11:12 of 3rd period - Shot Hit the Post.
11:31 of 3rd period - Max Gortz is hit by William Carrier.
11:35 of 3rd period - Slapshot by Gavin Bayreuther.
11:35 of 3rd period - Stopped by Joacim Eriksson with a rebound.
12:14 of 3rd period - Noah Gregor is hit by Victor Olofsson and loses puck.
12:55 of 3rd period - Wrist shot by William Carrier.
12:55 of 3rd period - Stopped by Jeremy Swayman with a rebound.
13:02 of 3rd period - Icing by Andrew O'Brien.
13:03 of 3rd period - Eetu Luostarinen wins face-off versus Emil Pettersson in Penguins zone.
13:41 of 3rd period - Theodor Blueger is hit by Andrew O'Brien and loses puck.
14:08 of 3rd period - Wrist shot by Andy Andreoff.
14:08 of 3rd period - Shot Blocked by Scott Harrington.
14:24 of 3rd period - Slapshot by Gavin Bayreuther.
14:24 of 3rd period - Shot Blocked by Scott Harrington.
14:40 of 3rd period - Slapshot by Eric Gustafsson.
14:40 of 3rd period - Stopped by Jeremy Swayman without a rebound.
14:41 of 3rd period - Evan Rodrigues wins face-off versus Emil Pettersson in Penguins zone.
15:34 of 3rd period - Slapshot by Samuel Groulx.
15:34 of 3rd period - Shot Blocked by Danny Biega.
15:36 of 3rd period - Wrist shot by Aleksi Heponiemi.
15:36 of 3rd period - Stopped by Jeremy Swayman with a rebound.
15:38 of 3rd period - Slapshot by Aleksi Heponiemi.
15:38 of 3rd period - Deflect By Matthew Finn.
15:38 of 3rd period - Stopped by Jeremy Swayman without a rebound.
15:39 of 3rd period - Evan Rodrigues wins face-off versus Emil Pettersson in Penguins zone.
15:50 of 3rd period - Snap shot by Matthew Tkachuk.
15:50 of 3rd period - Stopped by Joacim Eriksson with a rebound.
15:52 of 3rd period - Wrist shot by Matthew Tkachuk.
15:52 of 3rd period - Stopped by Joacim Eriksson without a rebound.
15:53 of 3rd period - Evan Rodrigues wins face-off versus Emil Pettersson in Barracuda zone.
16:04 of 3rd period - Snap shot by Emil Pettersson.
16:04 of 3rd period - Shot Blocked by Dakota Mermis.
16:08 of 3rd period - Snap shot by William Carrier.
16:08 of 3rd period - Stopped by Jeremy Swayman with a rebound.
16:18 of 3rd period - Dakota Mermis is hit by Chris Wagner.
16:22 of 3rd period - Wrist shot by Matthew Tkachuk.
16:22 of 3rd period - Shot Blocked by Noah Gregor.
16:24 of 3rd period - Snap shot by Anthony Beauvillier.
16:24 of 3rd period - Stopped by Joacim Eriksson without a rebound.
16:25 of 3rd period - Adam Brooks wins face-off versus Noah Gregor in Barracuda zone.
16:42 of 3rd period - Adam Brooks is hit by Noah Gregor and loses puck.
17:19 of 3rd period - Wrist shot by Iven Barbashev.
17:19 of 3rd period - Stopped by Joacim Eriksson without a rebound.
17:20 of 3rd period - Evan Rodrigues wins face-off versus William Carrier in Barracuda zone.
17:25 of 3rd period - Wrist shot by Evan Rodrigues.
17:25 of 3rd period - Shot Misses the Net.
17:27 of 3rd period - Wrist shot by Evan Rodrigues.
17:27 of 3rd period - Shot Blocked by Scott Harrington.
17:29 of 3rd period - Slapshot by Matthew Tkachuk.
17:29 of 3rd period - Shot Blocked by Eric Gustafsson.
17:31 of 3rd period - Snap shot by Anthony Beauvillier.
17:31 of 3rd period - Shot Misses the Net.
17:45 of 3rd period - Max Gortz is hit by Scott Harrington and loses puck.
17:57 of 3rd period - Off-side.
17:58 of 3rd period - Evan Rodrigues wins face-off versus Emil Pettersson in neutral zone.
18:07 of 3rd period - Slapshot by Matthew Tkachuk.
18:07 of 3rd period - Deflect By Anthony Beauvillier.
18:07 of 3rd period - Stopped by Joacim Eriksson with a rebound.
18:09 of 3rd period - Slapshot by John Marino.
18:09 of 3rd period - Shot Misses the Net.
18:11 of 3rd period - Slapshot by Matthew Tkachuk.
18:11 of 3rd period - Goal by Matthew Tkachuk - Penguins : 3 - Barracuda : 1.
18:12 of 3rd period - Emil Pettersson wins face-off versus Evan Rodrigues in neutral zone.
18:27 of 3rd period - Slapshot by Brandon Kozun.
18:27 of 3rd period - Goal by Brandon Kozun - Penguins : 3 - Barracuda : 2.
18:28 of 3rd period - Emil Pettersson wins face-off versus Evan Rodrigues in neutral zone.
18:53 of 3rd period - Brandon Kozun is hit by Andy Andreoff and loses puck.
19:02 of 3rd period - Barracuda, Joacim Eriksson is pulled from the net.
19:42 of 3rd period - Snap shot by Brandon Kozun.
19:42 of 3rd period - Shot Blocked by Matthew Tkachuk.
19:44 of 3rd period - Slapshot by Emil Pettersson.
19:44 of 3rd period - Goal by Emil Pettersson - Penguins : 3 - Barracuda : 3.
19:44 of 3rd period - Joacim Eriksson from Barracuda was sent back in the game.
19:45 of 3rd period - Kurtis Macdermid wins face-off versus Anthony Beauvillier in neutral zone.
19:47 of 3rd period - Off-side.
19:48 of 3rd period - Kurtis Macdermid wins face-off versus Iven Barbashev in neutral zone.
Goals for this period are 1 for Penguins vs 2 for Barracuda.
Shots for this period are 11 for Penguins vs 12 for Barracuda.
Overtime #1
0:01 of 1st overtime period - Brandon Kozun wins face-off versus Evan Rodrigues in neutral zone.
0:12 of 1st overtime period - Wrist shot by Brandon Kozun.
0:12 of 1st overtime period - Stopped by Jeremy Swayman with a rebound.
0:14 of 1st overtime period - Slapshot by Scott Harrington.
0:14 of 1st overtime period - Shot Blocked by Andrew O'Brien.
0:16 of 1st overtime period - Snap shot by Eric Gustafsson.
0:16 of 1st overtime period - Shot Misses the Net.
0:52 of 1st overtime period - Snap shot by Victor Olofsson.
0:52 of 1st overtime period - Shot Misses the Net.
1:24 of 1st overtime period - Iven Barbashev is hit by Eric Gustafsson and loses puck.
1:45 of 1st overtime period - Robin Norell is hit by Andrew O'Brien and loses puck.
1:50 of 1st overtime period - Wrist shot by Victor Olofsson.
1:50 of 1st overtime period - Stopped by Joacim Eriksson with a rebound.
2:47 of 1st overtime period - Jerome Gauthier-Leduc is hit by Gavin Bayreuther and loses puck.
3:02 of 1st overtime period - Max Gortz is hit by Scott Harrington and loses puck.
3:21 of 1st overtime period - Evan Rodrigues is hit by Chris Wagner and loses puck.
3:40 of 1st overtime period - Eric Gustafsson is hit by Iven Barbashev and loses puck.
4:05 of 1st overtime period - Off-side.
4:06 of 1st overtime period - Emil Pettersson wins face-off versus Evan Rodrigues in neutral zone.
4:09 of 1st overtime period - Andrew O'Brien is hit by Kurtis Macdermid and loses puck.
4:54 of 1st overtime period - Scott Harrington is hit by Adam Brooks and loses puck.
Goals for this period are 0 for Penguins vs 0 for Barracuda.
Shots for this period are 1 for Penguins vs 1 for Barracuda.
ShootOut
5:00 of 1st overtime period - Round #1.
5:00 of 1st overtime period - Penguins, Andy Andreoff.
5:00 of 1st overtime period - Wrist shot by Andy Andreoff.
5:00 of 1st overtime period - Goal by Andy Andreoff.
5:00 of 1st overtime period - Barracuda, Brandon Kozun.
5:00 of 1st overtime period - Snap shot by Brandon Kozun.
5:00 of 1st overtime period - Stopped by Jeremy Swayman.
5:00 of 1st overtime period - Round #2.
5:00 of 1st overtime period - Penguins, Matthew Tkachuk.
5:00 of 1st overtime period - Backhand shot by Matthew Tkachuk.
5:00 of 1st overtime period - Goal by Matthew Tkachuk.
5:00 of 1st overtime period - Barracuda, William Carrier.
5:00 of 1st overtime period - Wrist shot by William Carrier.
5:00 of 1st overtime period - Goal by William Carrier.
5:00 of 1st overtime period - Round #3.
5:00 of 1st overtime period - Penguins, Victor Olofsson.
5:00 of 1st overtime period - Backhand shot by Victor Olofsson.
5:00 of 1st overtime period - Stopped by Joacim Eriksson.
5:00 of 1st overtime period - Barracuda, Emil Pettersson.
5:00 of 1st overtime period - Deke by Emil Pettersson.
5:00 of 1st overtime period - Stopped by Jeremy Swayman.